 Dungeon Crawl Stone Soup version 0.29.1-2-gbd0b4ee654 (webtiles) character file.

Game seed: 11161697702260838465

100 Gabide the Sneak (level 4, -1/44 HPs)
             Began as a Naga Monk on Nov 22, 2022.
             Slain by an orc priest
             ... wielding a +1 vorpal war axe
              (3 damage)
             ... on level 4 of the Dungeon.
             The game lasted 00:04:07 (3206 turns).

Gabide the Sneak (Naga Monk)                        Turns: 3206, Time: 00:04:08

Health: -1/44      AC:  3    Str: 14    XL:     4   Next: 74%
Magic:  4/4        EV: 10    Int: 10    God:
Gold:   172        SH:  0    Dex: 15    Spells: 3/3 levels left

rFire   . . .      SeeInvis +   a - +0 short sword
rCold   . . .      Faith    .   (no shield)
rNeg    . . .      Spirit   .   b - +0 robe
rPois   +          Reflect  .   (no helmet)
rElec   .          Harm     .   p - +0 cloak
rCorr   .          Rampage  .   (no gloves)
Will    +....                   (no barding)
Stlth   +.........              (no amulet)
HPRegen 0.14/turn               h - ring of willpower
MPRegen 0.09/turn               (no ring)

@: confused, ambrosia-drunk, very slow
A: AC +1, large, see invisible, deformed body, poison resistance, slowness 2,
spit poison 1, naga tail 1
a: Spit Poison


You were on level 4 of the Dungeon.
You visited 1 branch of the dungeon, and saw 4 of its levels.

You collected 172 gold pieces.

Inventory:

Hand Weapons
 a - a +0 short sword (weapon)
Armour
 b - a +0 robe (worn)
 p - a +0 cloak (worn)
Jewellery
 h - a ring of willpower (left hand)
Wands
 l - a wand of light (10)
 t - a wand of paralysis (13)
Scrolls
 f - a scroll of fear {unknown}
 g - a scroll of acquirement {unknown}
 i - 3 scrolls of amnesia
 k - 2 scrolls of teleportation {unknown}
 m - 2 scrolls of blinking {unknown}
 o - 2 scrolls of identify {unknown}
 r - 2 scrolls of magic mapping {unknown}
 s - a scroll of fog {unknown}
Potions
 d - 2 potions of brilliance {unknown}
 e - 2 potions of degeneration {unknown}
 j - a potion of curing {unknown}
 n - a potion of flight {unknown}
 q - a potion of berserk rage {unknown}


   Skills:
 + Level 3.6 Fighting
 + Level 3.6 Short Blades
 + Level 3.0 Dodging
 + Level 4.5 Stealth


You had 3 spell levels left.
You didn't know any spells.
Your spell library contained the following spells:

 Spells                   Type           Power      Damage    Failure   Level
 Apportation              Tloc           0%         N/A       36%         1
 Necrotise                Necr           0%         1d4       36%         1
 Summon Small Mammal      Summ           0%         N/A       36%         1
 Poisonous Vapours        Pois/Air       0%         N/A       50%         2
 Fireball                 Conj/Fire      0%         3d3       100%        5
 Orb of Destruction       Conj           0%         9d5       100%        7


Dungeon Overview and Level Annotations

Branches:
Dungeon (4/15)
 Temple: D:4-7

Altars:
Hepliaklqana
Qazlal

Shops:
D:2 :


Innate Abilities, Weirdness & Mutations

Your serpentine skin is tough. (AC +1)
You have supernaturally acute eyesight. (SInv)
Armour fits poorly on your strangely shaped body.
Your system is resistant to poisons. (rPois)
You cover ground very slowly.
You can spit poison.
You have a snake-like lower body.


Message History

You kill the goblin!
The orc hits you with a +0 short sword.
You closely miss the orc. You barely miss the orc.
The orc hits you with a +0 short sword.
You closely miss the orc. The orc hits you with a +0 short sword.
You closely miss the orc.
You have got your breath back.
The orc priest begins to cast a cantrip, but forgets the words!
The orc hits you but does no damage.
The splash of poison hits the orc.
The orc is poisoned.
The orc is severely wounded.
The orc closely misses you.
You hit the orc.
You kill the orc!
You hit the orc priest but do no damage.
The orc priest hits you but does no damage.
You hit the orc priest but do no damage.
The orc wizard casts a spell.
The orc wizard flickers and vanishes for a moment.
The orc priest calls down the wrath of Beogh upon you.
Beogh smites you!
* * * LOW HITPOINT WARNING * * *
You are confused.
You feel invigorated.
The orc priest hits you with a +1 vorpal war axe!
* * * LOW HITPOINT WARNING * * *
x2 You're too confused to move!
You have got your breath back.
The orc priest barely misses you.
You bump into the rock wall.
The orc priest hits you with a +1 vorpal war axe.
* * * LOW HITPOINT WARNING * * *
x2 You closely miss the orc priest.
The orc priest closely misses you.
You bump into the rock wall.
The orc priest hits you with a +1 vorpal war axe!
* * * LOW HITPOINT WARNING * * *
x2 You bump into the rock wall.
The orc priest hits you with a +1 vorpal war axe!
* * * LOW HITPOINT WARNING * * *
You die...

.............##...#
#..#
#######......##...#
#..# #....##.....#
#### #....##.#...#
#.#####.#...######
#.................
#######.##.#######
#.##.# #.##@#
####.##o###
......ooo.#
..........#
..........#
.........^#
..........#
..........#
..........#


You could see an orc priest, an orc wizard (invisible) and 2 orcs.

Vanquished Creatures
  4 adders
  2 dart slugs
  2 orcs
  9 ball pythons
  4 endoplasms
  3 giant cockroaches
  6 goblins
  2 hobgoblins
  2 jackals (D:3)
  2 quokkas (D:2)
  6 bats
  2 frilled lizards
  5 kobolds
  8 rats
  A spectral orc (D:3)
58 creatures vanquished.

Notes
Turn   | Place    | Note
-------+----------+-------------------------------------------
     0 | D:1      | Gabide the Naga Monk began the quest for the Orb.
     0 | D:1      | Reached XP level 1. HP: 21/21 MP: 1/1
   588 | D:1      | Reached XP level 2. HP: 28/28 MP: 2/2
   730 | D:1      | Got the Folio of Conduction and Outbursts
  1190 | D:2      | Reached XP level 3. HP: 34/34 MP: 3/3
  1652 | D:2      | Found a stormy altar of Qazlal.
  1655 | D:2      | Reached skill level 4 in Stealth
  1929 | D:2      | Reached XP level 4. HP: 42/42 MP: 4/4
  1980 | D:2      | Found Milodyg's Book Shop.
  2117 | D:3      | Found a hazy altar of Hepliaklqana.
  2610 | D:3      | Found a faded altar of an unknown god.
  3206 | D:4      | HP: 2/44 [orc priest/+1 vorpal war axe (10)]
  3206 | D:4      | Slain by an orc priest

Illustrated notes

Levels and vault maps discovered:
D:1:      lightli_arrival_windingriver, layout_basic
D:2:      kennysheep_six_static_rooms, layout_basic, serial_shops, shop,
          basic_altar
D:3:      minmay_door_path, layout_basic,
          nicolae_hepliaklqana_monster_ancestors,
          chequers_ecumenical_altar_grove, guppyfry_early_lair_pool
D:4:      layout_basic, mainiacjoe_overflow_alcove_4, fiery_altar_vehumet,
          nrook_campfire, uniq_ijyb, uniq_menkaure

Skill      XL: |  1  2  3  4 |
---------------+-------------+-----
Stealth        | 4 |  4.5
Dodging        | 3 |  3.0
Fighting       | |  3.6
Short Blades   | |  3.6

Action                   |  1- 3 |  4- 6 || total
-------------------------+-------+-------++-------
Melee: Short sword       |    64 |    50 ||   114
 Abil: Spit Poison       |    29 |    10 ||    39
  Use: Potion            |       |     2 ||     2
       Scroll            |       |     1 ||     1
 Stab: Sleeping          |    10 |     6 ||    16
       Distracted        |     1 |       ||     1
Armor: Robe              |    15 |    26 ||    41
Dodge: Dodged            |    29 |    23 ||    52
